 Dungeon Crawl Stone Soup version 0.28-a0-723-g095bd1b44f (webtiles) character file.

Game seed: 17512617583254333455

743 Rennog the Skirmisher (level 7, -10/59 HPs)
             Began as a Mummy Fighter on Oct 25, 2021.
             Blown up by Duvessa (28 damage)
             ... with a mindburst bolt
             ... on level 4 of the Dungeon.
             The game lasted 00:08:47 (5695 turns).

Rennog the Skirmisher (Mummy Fighter)               Turns: 5695, Time: 00:08:47

Health: -10/59     AC:  7    Str: 19    XL:     7   Next: 47%
Magic:  14/14      EV:  9    Int: 10    God:
Gold:   187        SH:  4    Dex: 11    Spells: 15/15 levels left

rFire   x . .      SeeInvis .   l - +1 dagger (elec)
rCold   + + .      Faith    .   c - +0 buckler
rNeg    + + +      Spirit   .   b - +0 scale mail
rPois   ∞          Reflect  .   (no helmet)
rElec   .          Harm     .   i - scarf {shadows}
rCorr   .          Rampage  .   e - +0 pair of gloves
Will    .....                   (no boots)
Stlth   ..........              (no amulet)
HPRegen 0.19/turn               j - ring of Wiwowej {*Corrode rC+ rN+ Slay+5}
MPRegen 0.14/turn               (no ring)

@: no status effects
A: cold resistance 1, negative energy resistance 3, torment resistance 2, heat
vulnerability 1, no potions
a: no special abilities


You were on level 4 of the Dungeon.
You visited 1 branch of the dungeon, and saw 5 of its levels.

You collected 187 gold pieces.

Inventory:

Hand Weapons
 a - a +0 rapier
 f - a +4 dagger
 l - a +1 dagger of electrocution (weapon)
Armour
 b - a +0 scale mail (worn)
 c - a +0 buckler (worn)
 e - a +0 pair of gloves (worn)
 i - a scarf of shadows (worn)
Magical Staves
 g - a staff of fire
Jewellery
 j - the ring of Wiwowej (left hand) {*Corrode rC+ rN+ Slay+5}
   (You found it on level 4 of the Dungeon)

   [ring of protection from cold]

   Slay:      It affects your accuracy & damage with ranged weapons and melee
   (+5).
   rC:        It protects you from cold.
   rN:        It protects you from negative energy.
   *Corrode:  It may corrode you when you take damage.
Wands
 n - a wand of iceblast (10)
 o - a wand of paralysis (10)
Scrolls
 d - 7 scrolls of identify {unknown}
 h - 3 scrolls of teleportation {unknown}
 k - a scroll of fear {unknown}
 m - a scroll of noise {unknown}


   Skills:
 + Level 6.4 Fighting
 - Level 1.5 Short Blades
 - Level 2.4 Armour
 - Level 2.4 Shields
 + Level 4.9 Spellcasting
 + Level 3.6 Hexes


You had 15 spell levels left.
You didn't know any spells.
Your spell library contained the following spells:

 Spells                   Type           Power      Damage    Failure   Level
 Freeze                   Ice            8%         1d3       65%         1
 Magic Dart               Conj           8%         1d3       65%         1
 Inner Flame              Hex/Fire       6%         N/A       77%         3
 Searing Ray              Conj           4%         2d4       78%         2
 Cause Fear               Hex            4%         N/A       88%         4
 Frozen Ramparts          Ice            4%         1d2       95%         3
 Gell's Gravitas          Tloc           1%         N/A       95%         3
 Teleport Other           Tloc           2%         N/A       95%         3
 Fulminant Prism          Conj/Hex       3%         3d6       99%         4
 Hailstorm                Conj/Ice       2%         3d3       100%        4
 Dispersal                Tloc           1%         N/A       100%        6
 Summon Hydra             Summ           1%         N/A       100%        7
 Discord                  Hex            4%         N/A       100%        8
 Sublimation of Blood     Necr           Unusable   N/A       N/A         2
 Wereblood                Tmut           Unusable   N/A       N/A         2

Dungeon Overview and Level Annotations

Branches:
Dungeon (5/15)
 Temple: D:4-7

Altars:
Okawaru
Zin
The Shining One

Shops:
D:2 (   D:5 *=:!(

Annotations:
D:3 Sigmund
D:4 Duvessa


Innate Abilities, Weirdness & Mutations

You are immune to poison.
Your flesh is cold resistant. (rC+)
You are immune to negative energy. (rN+++)
You are immune to unholy pain and torment.
You are vulnerable to heat. (rF-)
You do not drink.


Message History

You see here a +0 dagger.
There is a stone staircase leading up here.
Duvessa is nearby!
Duvessa is nearby!
Duvessa is nearby!
Duvessa is nearby!
Duvessa shouts!
Duvessa zaps a wand.
You resist with significant effort.
Duvessa zaps a wand.
Your mind is blasted!
Duvessa zaps a wand.
Your mind is blasted!
* * * LOW HITPOINT WARNING * * *
You are too injured to fight recklessly!
You are too injured to fight recklessly!
You are too injured to fight recklessly!
You are too injured to fight recklessly!
You are too injured to fight recklessly!
You are too injured to fight recklessly!
You are too injured to fight recklessly!
You are too injured to fight recklessly!
You are too injured to fight recklessly!
You are too injured to fight recklessly!
You are too injured to fight recklessly!
You are too injured to fight recklessly!
You are too injured to fight recklessly!
You are too injured to fight recklessly!
You are too injured to fight recklessly!
You are too injured to fight recklessly!
You are too injured to fight recklessly!
You are too injured to fight recklessly!
You are too injured to fight recklessly!
You are too injured to fight recklessly!
You are too injured to fight recklessly!
Press: ? - help, v - describe, . - travel, g - get item
Here: Duvessa, wielding a +0 short sword, wearing a +0 plate armour and carrying a wand of mindburst (5) Item here: a dagger.
The floor.
A centaur skeleton comes into view.
There are monsters nearby!
Duvessa zaps a wand.
Your mind is blasted!
You die...

##.######.# #.# #.#.#
##...##....### #.# #.#.#
#.#>.........###.# #.#.# #
##.#.##....#.....# #.#.# #
##.####.#...##### #.#.## #
### #.#..## #.#..##### #
#.#..# ######.#......####
#.#..####......Z..###..Z..
#####.#......@....e##.#
####..
#.....###.###.##......#
#.. #.##### #>#
#.##.###..# #.. #.# #.#
#.##.#....# #.. #.# #.#
#.##.#.#.## #.# #.# #.#
#.##.....# #.# #.# #.#
#.####.#########.. #.# #.#
#................# #.# #.#
######.###########


You could see Duvessa and a centaur skeleton.

Vanquished Creatures
  A water moccasin (D:5)
  An ogre (D:3)
  A scorpion (D:4)
  Dowan (D:4)
  A howler monkey (D:5)
  2 orc priests
  A gnoll shaman (D:5)
  2 iguanas (D:4)
  Ijyb (D:2)
  A hound skeleton (D:5)
  7 gnolls
  6 adders
  A shadow imp (D:5)
  An ufetubus (D:4)
  An adder skeleton (D:4)
  2 worms
  2 dart slugs
  7 orcs
  A bat (D:1)
  7 endoplasms
  A giant cockroach (D:2)
  11 goblins
  4 hobgoblins
  6 kobolds
  4 quokkas
  4 ball pythons
  A goblin skeleton (D:5)
  2 goblin zombies (D:5)
  2 hobgoblin zombies (D:5)
  A jackal skeleton (D:4)
  2 kobold skeletons (D:5)
  4 orc skeletons (D:5)
  An orc zombie (D:5)
  5 rats
95 creatures vanquished.

Notes
Turn   | Place    | Note
-------+----------+-------------------------------------------
     0 | D:1      | Rennog the Mummy Fighter began the quest for the Orb.
     0 | D:1      | Reached XP level 1. HP: 18/18 MP: 1/1
   667 | D:1      | Reached XP level 2. HP: 24/24 MP: 2/2
   857 | D:2      | Reached skill level 4 in Fighting
   994 | D:2      | Found Taupn's Weapon Boutique.
  1294 | D:2      | Reached XP level 3. HP: 30/30 MP: 3/3
  1709 | D:3      | Noticed Sigmund
  1923 | D:3      | Reached XP level 4. HP: 33/38 MP: 4/4
  2020 | D:3      | Noticed Ijyb
  2131 | D:2      | Killed Ijyb
  2132 | D:2      | Reached skill level 1 in Spellcasting
  2324 | D:2      | Reached skill level 1 in Hexes
  2498 | D:3      | Reached skill level 5 in Fighting
  2508 | D:3      | Reached XP level 5. HP: 28/44 MP: 7/7
  2718 | D:3      | Found an iron altar of Okawaru.
  3023 | D:3      | Noticed an ogre
  3043 | D:4      | Identified the ring of Wiwowej {*Corrode rC+ rN+ Slay+5}
  3284 | D:4      | Noticed Dowan
  3309 | D:4      | Killed Dowan
  3428 | D:4      | Noticed Duvessa
  3733 | D:4      | Reached XP level 6. HP: 38/51 MP: 10/10
  4102 | D:5      | Entered Level 5 of the Dungeon
  4102 | D:5      | Found Wemyro's Antique Weapon Shoppe.
  4202 | D:5      | Found Muwk's Book Boutique.
  4247 | D:5      | Noticed a water moccasin
  4260 | D:5      | Killed a water moccasin
  4292 | D:5      | Found Joiwu's General Store.
  4490 | D:5      | Reached skill level 6 in Fighting
  4496 | D:5      | Reached XP level 7. HP: 23/58 MP: 13/13
  4689 | D:5      | Found Jiody's Distillery.
  5248 | D:5      | Found Waatiras's Jewellery Boutique.
  5695 | D:4      | Blown up by Duvessa

Illustrated notes

Levels and vault maps discovered:
D:1:      psy_arrival_statuary, layout_basic, bh_walls_and_bars
D:2:      layout_loops_ring, serial_shops, shop
D:3:      layout_rooms, mainiacjoe_overflow_24_doors, zin_treasury,
          minmay_ogre_servants, uniq_ijyb, uniq_sigmund
D:4:      layout_loops_ring, lemuel_coloured_pillars_altar, grunt_ministairs_9,
          uniq_duvessa
D:5:      layout_basic, nicolae_tso_besieged_by_evil, serial_shops, shop, shop,
          shop, nicolae_stop_n_shop_2, shop

Skill      XL: |  1  2  3  4  5  6 |
---------------+-------------------+-----
Fighting       | 4 5 6 |  6.4
Spellcasting   | 1 3 4 |  4.9
Hexes          | 1 2 3 |  3.6
Short Blades   | |  1.5
Armour         | |  2.4
Shields        | |  2.4

Action                   |  1- 3 |  4- 6 |  7- 9 || total
-------------------------+-------+-------+-------++-------
Melee: Rapier            |    29 |       |       ||    29
       Dagger            |    80 |   236 |    36 ||   352
Armor: Scale mail        |    38 |    82 |     8 ||   128
Dodge: Dodged            |    35 |    73 |    12 ||   120
Block: Buckler           |    15 |    28 |     8 ||    51

Table legend: (Time is in decaauts)
 A = Elapsed time spent in this place.
 B = Non-inter-level travel time spent in this place.
 C = Inter-level travel time spent in this place.
 D = Time resting spent in this place.
 E = Time spent auto-exploring this place.
 F = Levels seen in this place.
 G = Mean time per level.
                   A        B        C        D        E       F      G
               +--------+--------+--------+--------+--------+-----+--------+
         Total |   5688 |   5380 |    308 |    763 |   3733 |   5 | 1137.6 |
       Dungeon |   5688 |   5380 |    308 |    763 |   3733 |   5 | 1137.6 |
               +--------+--------+--------+--------+--------+-----+--------+

Top non-repeatable levels by time:
     D:4: 1357 daAuts
     D:2: 1233 daAuts
     D:3: 1214 daAuts
     D:5: 1055 daAuts
     D:1: 827 daAuts
